 Dungeon Crawl Stone Soup version 0.24.0-1-gfbc8707122 (webtiles) character file.

Game seed: 3711717111127548886, levelgen mode: deterministic

587860 Aviak the Slayer (level 26, -46/264 HPs)
             Began as a Minotaur Fighter on Oct 25, 2019.
             Was the Champion of Okawaru.
             Killed from afar by an ancient lich (81 damage)
             ... with an iron shot
             ... on level 5 of the Realm of Zot.
             The game lasted 02:41:14 (52220 turns).

Aviak the Slayer (Minotaur Fighter)                Turns: 52220, Time: 02:41:16

Health: -46/264    AC: 44    Str: 32    XL:     26   Next: 12%
Magic:  27/29      EV: 25    Int: 13    God:    Okawaru [******]
Gold:   5493       SH: 36    Dex: 11    Spells: 25/25 levels left

rFire    + + +     SeeInvis .   L - +4 eveningstar "Widowmaker" {vamp, rC+ rN++ Int+8 Dex-5}
rCold    + + +     Gourm    .   b - +8 large shield {reflect}
rNeg     + + .     Faith    +   J - +6 gold dragon scales
rPois    +         Spirit   .   (helmet restricted)
rElec    +         Reflect  +   h - scarf {rC+ rF+}
rCorr    .         Harm     .   j - +3 pair of gauntlets of War {Slay+5}
MR       +....                  v - +2 pair of boots {run}
Stlth    ..........             F - amulet of Keplutiz {Faith rF++}
HPRegen  0.54/turn              r - +5 ring of evasion
MPRegen  0.21/turn              C - ring of Quyn {rElec rPois}

@: agile, heroism, finesse, hasted, very quick
A: retaliatory headbutt, horns 2, icy blue scales 1, subdued magic 1
}: 3/15 runes: decaying, serpentine, silver
a: Heroism, Finesse, Renounce Religion


You were on level 5 of the Realm of Zot.
You worshipped Okawaru.
Okawaru was exalted by your worship.
You were not hungry.

You visited 10 branches of the dungeon, and saw 48 of its levels.

You collected 6996 gold pieces.
You spent 1503 gold pieces at shops.

Inventory:

Hand Weapons
 H - a +0 eveningstar of flaming
 L - the +4 eveningstar "Widowmaker" (weapon) {vamp, rC+ rN++ Int+8 Dex-5}
   (Okawaru gifted it to you on level 3 of the Swamp)

   It inflicts no extra harm, but heals its wielder when it wounds a living foe.
   It affects your intelligence (+8).
   It affects your dexterity (-5).
   It protects you from cold.
   It greatly protects you from negative energy.
Armour
 b - a +8 large shield of reflection (worn)
 h - a scarf of resistance (worn)
 j - the +3 pair of gauntlets of War (worn) {Slay+5}
   (Okawaru gifted it to you on level 1 of the Vaults)

   It affects your accuracy and damage with ranged weapons and melee attacks
   (+5).
 v - a +2 pair of boots of running (worn)
 J - +6 gold dragon scales (worn)
Jewellery
 r - a +5 ring of evasion (left hand)
 C - the ring of Quyn (right hand) {rElec rPois}
   (You found it on level 3 of the Snake Pit)

   [ring of poison resistance]

   It insulates you from electricity.
   It protects you from poison.
 F - the amulet of Keplutiz (around neck) {Faith rF++}
   (You took it off a rakshasa on level 3 of the Depths)

   [amulet of faith]

   It allows you to gain divine favour quickly.
   It greatly protects you from fire.
 Z - the ring "Vuato" {rC++ rCorr}
   (You took it off an orc high priest on level 5 of the Depths)

   [ring of resist corrosion]

   It greatly protects you from cold.
   It provides partial protection from all sources of acid and corrosion.
Wands
 o - a wand of iceblast (28)
 q - a wand of enslavement (23)
 u - a wand of digging (18)
 D - a wand of scattershot (1)
 I - a wand of flame (136)
 R - a wand of acid (24)
 S - a wand of polymorph (50)
 U - a wand of disintegration (19)
 X - a wand of clouds (17)
Scrolls
 d - 15 scrolls of teleportation
 i - 10 scrolls of immolation
 l - 2 scrolls of summoning
 m - 8 scrolls of fear
 p - 3 scrolls of magic mapping
 t - 37 scrolls of remove curse
 x - a scroll of holy word
 y - 6 scrolls of enchant weapon
 z - 5 scrolls of fog
 N - 2 scrolls of silence
 Y - 5 scrolls of identify
Potions
 c - a potion of brilliance
 g - 4 potions of cancellation
 s - 8 potions of lignification
 w - 8 potions of might
 A - a potion of mutation
 B - 2 potions of berserk rage
 G - 6 potions of flight
 P - 12 potions of magic
 V - 3 potions of resistance
 W - 4 potions of invisibility
Miscellaneous
 k - 2 phantom mirrors
 O - a lamp of fire (inert)
Comestibles
 f - 79 rations


   Skills:
 + Level 26.8(27) Fighting
 + Level 22.6(27) Maces & Flails
 + Level 23.3(27) Armour
 - Level 11.0(16.0) Dodging
 + Level 26.6(27) Shields
 - Level 8.0 Invocations
 - Level 10.0 Evocations


You had 25 spell levels left.
You didn't know any spells.
Your spell library contained the following spells:

 Spells                   Type           Power        Failure   Level  Hunger
 Animate Skeleton         Necr           N/A          78%         1    ##.....
 Apportation              Tloc           #.....       78%         1    ##.....
 Beastly Appendage        Tmut           #.....       78%         1    ##.....
 Confusing Touch          Hex            #.....       78%         1    ##.....
 Flame Tongue             Conj/Fire      #....        78%         1    ##.....
 Pain                     Necr           #...         78%         1    ##.....
 Sandblast                Erth           #.....       78%         1    ##.....
 Shock                    Conj/Air       #...         78%         1    ##.....
 Sting                    Conj/Pois      #...         78%         1    ##.....
 Summon Butterflies       Summ           #.......     78%         1    ##.....
 Summon Small Mammal      Summ           #...         78%         1    ##.....
 Corpse Rot               Necr           N/A          89%         2    ###....
 Passwall                 Tmut/Erth      #.......     89%         2    ###....
 Poisonous Vapours        Pois/Air       #.....       89%         2    ###....
 Sublimation of Blood     Necr           #.........   89%         2    ###....
 Swiftness                Chrm/Air       #.......     89%         2    ###....
 Throw Flame              Conj/Fire      #.....       89%         2    ###....
 Call Canine Familiar     Summ           #.......     99%         3    ####...
 Conjure Flame            Conj/Fire      #.......     99%         3    ####...
 Ignite Poison            Fire/Tmut/Pois #.......     99%         3    ####...
 Inner Flame              Hex/Fire       #.......     99%         3    ####...
 Mephitic Cloud           Conj/Pois/Air  #.......     99%         3    ####...
 Recall                   Summ/Tloc      N/A          99%         3    ####...
 Regeneration             Chrm/Necr      #.........   99%         3    ####...
 Stone Arrow              Conj/Erth      #.....       99%         3    ####...
 Vampiric Draining        Necr           #.........   99%         3    ####...
 Animate Dead             Necr           N/A          100%        4    #####..
 Cause Fear               Hex            #.........   100%        4    #####..
 Leda's Liquefaction      Hex/Erth       #.........   100%        4    #####..
 Olgreb's Toxic Radiance  Pois           #.......     100%        4    #####..
 Petrify                  Tmut/Erth      #.......     100%        4    #####..
 Sticky Flame             Conj/Fire      #.......     100%        4    #####..
 Summon Ice Beast         Ice/Summ       #.......     100%        4    #####..
 Summon Lightning Spire   Summ/Air       #.......     100%        4    #####..
 Borgnjor's Vile Clutch   Necr/Erth      #.........   100%        5    ######.
 Fireball                 Conj/Fire      #.........   100%        5    ######.
 Irradiate                Conj/Tmut      #.........   100%        5    ######.
 Lee's Rapid Deconstruct  Erth           #.........   100%        5    ######.
 Silence                  Hex/Air        #.........   100%        5    ######.
 Summon Forest            Summ/Tloc      #.........   100%        5    ######.
 Summon Mana Viper        Hex/Summ       #.......     100%        5    ######.
 Venom Bolt               Conj/Pois      #.........   100%        5    ######.
 Yara's Violent Unravell  Hex/Tmut       #.........   100%        5    ######.
 Bolt of Fire             Conj/Fire      #.........   100%        6    #######
 Conjure Ball Lightning   Conj/Air       #.........   100%        6    #######
 Death Channel            Necr           #.........   100%        6    #######
 Deflect Missiles         Chrm/Air       #.........   100%        6    #######
 Hydra Form               Tmut           #.........   100%        6    #######
 Simulacrum               Ice/Necr       #.........   100%        6    #######
 Statue Form              Tmut/Erth      #........    100%        6    #######
 Malign Gateway           Summ/Tloc      #.........   100%        7    #######
 Ring of Flames           Chrm/Fire      #.........   100%        7    #######
 Summon Hydra             Summ           #.........   100%        7    #######
 Discord                  Hex            #.........   100%        8    #######
 Ignition                 Fire           #.........   100%        8    #######
 Tornado                  Air            #.........   100%        9    #######


Dungeon Overview and Level Annotations

Branches:
Dungeon (15/15)            Temple (1/1) D:7            Lair (6/6) D:11
  Swamp (4/4) Lair:2        Snake (4/4) Lair:4        Slime (0/5) Lair:6
    Orc (2/2) D:10            Elf (0/3) Orc:2        Vaults (5/5) D:14
  Crypt (0/3) Vaults:3     Depths (5/5) D:15           Hell (visited)
    Zot (5/5) Depths:5
    Dis: Hell:1         Geh: Hell:1         Coc: Hell:1         Tar: Hell:1

Altars:
Ashenzari
Cheibriados
Dithmenos
Elyvilon
Fedhas
Gozag
Hepliaklqana
Kikubaaqudgha
Makhleb
Nemelex Xobeh
Okawaru
Qazlal
Ru
Sif Muna
Trog
Uskayaw
Vehumet
Wu Jian
Xom
Yredelemnul
Zin
The Shining One
Beogh
Jiyva

Shops:
D:7 [*   Orc:2 =*:!(   Snake:2 [   Vaults:2 (   Vaults:4 }

Portals:
Hell: Depths:1 Depths:3 Depths:4 Depths:5
Abyss: Depths:4
Pandemonium: Depths:1 Depths:3 Depths:4
Ziggurat: Depths:1

Annotations:
Lair:5 1 runed translucent door, Caath's ghost, journeyman DrFi
Depths:1 3 runed translucent doors, Camaan's ghost, adept DgCj
Zot:2 5 transporters


Innate Abilities, Weirdness & Mutations

You reflexively headbutt those who attack you in melee.
You have a pair of horns on your head.
You are partially covered in icy blue scales. (AC +2)
Your spells are a little easier to cast, but a little less powerful.


Message History

The yellow draconian completely misses you.
The yellow draconian shifter casts a spell at you.
You blink.
A Killer Klown comes into view. It is wielding a +8 club of flaming.
Unknown command.
Unknown command.
Evoke which item? (* to show all) (? for menu, Esc to quit)
Aiming: Corrosive Bolt
Press: ? - help, Shift-Dir - straight line The bolt of acid misses the ancient lich.
The bolt of acid misses the Orb Guardian.
Unknown command.
Unknown command.
You feel yourself speed up.
You block the yellow draconian's attack.
The yellow draconian is engulfed in blazing flames.
The ancient lich is engulfed in freezing vapours.
The ancient lich points at you and mumbles some strange words.
The iron shot hits you!!!!
You die...

#........'......#####..#
▓▓▓▓▓▓▓▓################
##............
##[q...........
##.X...........^
#.)☼§X1.........
#.dL§§..........
#..§§§§.........
#.@§°☼§§........
#..§§§°§§.......
#....§○§........
##...p°.§☼......
##...d...^........
##.............^.
▓▓.....##▓▓▓▓▓▓▓
........ ........


You could see a Killer Klown, an ancient lich, a Brimstone Fiend, 2 draconians,
a yellow draconian shifter and 2 Orb Guardians.

Vanquished Creatures
  An ancient lich (Zot:5)
  2 orbs of fire (Zot:5)
  Boris (Depths:5)
  Frederick (Depths:5)
  3 Killer Klowns (Zot:5)
  Bai Suzhen (Snake:3)
  2 caustic shrikes
  3 curse toes
  6 golden dragons
  2 liches
  A Tzitzimitl (Depths:4)
  2 electric golems
  13 tentacled monstrosities
  14 Orb Guardians (Zot:5)
  9 quicksilver dragons
  10 titans
  Kirke (D:13)
  Frances (Snake:1)
  5 sphinxes
  12 shadow dragons
  4 death cobs
  9 tengu reavers
  Roxanne (Swamp:4)
  23 storm dragons
  2 thorn hunters
  A draconian monk (Zot:5)
  Agnes (Snake:1)
  15 nagarajas
  8 fire giants
  5 draconian knights
  4 iron dragons
  Aizul (Snake:2)
  A cacodemon (Depths:1)
  9 frost giants
  4 deep elf sorcerers
  A deep elf elementalist (Vaults:5)
  2 orc warlords (Orc:1)
  4 draconian scorchers
  3 draconian shifters
  15 vault wardens
  4 ghost moths
  4 draconian stormcallers (Zot:1)
  22 ironheart preservers
  3 war gargoyles
  4 spriggan defenders
  27 stone giants
  7 very ugly things
  7 draconian annihilators
  Nessos (D:14)
  5 entropy weavers
  8 black draconians
  2 deep elf demonologists
  7 vampire knights
  10 white draconians
  10 green draconians
  2 deep elf annihilators (Vaults:5)
  6 yellow draconians
  5 purple draconians
  3 spark wasps
  4 red draconians
  10 fire dragons
  10 ettins
  3 deep elf death magi
  A merfolk javelineer (Depths:2)
  Erolcha (Orc:1)
  2 large abominations (Vaults:5)
  11 yaktaur captains
  2 deep elf high priests
  10 great orbs of eyes
  20 hydras
  A monstrous demonspawn (Depths:3)
  17 naga warriors
  36 vault guards
  A caustic shrike simulacrum (Depths:3)
  4 spriggan air magi
  11 rakshasas
  10 ice dragons
  A shambling mangrove (Swamp:4)
  A death knight (Vaults:5)
  7 anacondas
  14 ogre magi
  3 catoblepae (Lair:6)
  8 centaur warriors
  A satyr (shapeshifter) (Vaults:5)
  A dancing weapon (Vaults:5)
  18 alligators
  5 deep troll shamans
  Erica (Lair:1)
  11 death yaks (Lair:6)
  51 two-headed ogres
  3 deep troll earth magi
  7 tengu warriors
  2 orc high priests (Depths:5)
  A storm dragon zombie (Depths:3)
  8 spriggan berserkers
  Urug (D:14)
  A soul eater (Depths:3)
  8 naga sharpshooters (Snake:4)
  A titan zombie (Depths:3)
  5 deep elf knights
  Nergalle (D:12)
  A sun demon (Depths:1)
  2 iron trolls (Depths:5)
  A hell knight (Depths:3)
  A skeletal warrior (D:15)
  2 shadow wraiths (Depths:4)
  A salamander mystic (Snake:3)
  A deep troll (shapeshifter) (Depths:5)
  A glowing orange brain (shapeshifter) (Vaults:2)
  2 sea snakes (Snake:3)
  A golden dragon zombie (Depths:3)
  A death drake (shapeshifter) (Vaults:5)
  4 unseen horrors
  4 naga ritualists
  2 wizards
  4 glowing orange brains
  3 shadow demons (Depths:4)
  9 deep trolls
  A wolf spider zombie (D:15)
  2 swamp dragons (shapeshifter)
  8 deep elf archers
  A torturous demonspawn (Depths:3)
  A tengu zombie (Vaults:3)
  9 swamp dragons
  2 flayed ghosts
  A harpy (shapeshifter) (Depths:3)
  A sphinx zombie (Vaults:3)
  A lindwurm (shapeshifter) (Vaults:3)
  5 harpies
  20 ironbrand convokers
  A lindwurm (Lair:6)
  12 deep elf magi
  4 phantasmal warriors
  2 cyclopes (D:11)
  An orc sorcerer (Orc:1)
  6 mana vipers
  3 manticores
  10 necromancers
  10 orc knights
  78 ugly things
  A salamander (shapeshifter) (Vaults:2)
  A sphinx skeleton (Vaults:3)
  A stone giant zombie (Depths:1)
  29 moths of wrath
  A faun (shapeshifter) (Vaults:5)
  4 salamanders
  Joseph (D:10)
  A stone giant skeleton (Depths:3)
  11 elephants
  A fire giant skeleton (Depths:3)
  Maurice (D:13)
  A black mamba (shapeshifter) (Vaults:4)
  A guardian serpent (shapeshifter) (D:15)
  7 guardian serpents
  18 naga magi
  14 vault sentinels
  A gargoyle (D:11)
  A rust devil (Depths:3)
  A storm dragon simulacrum (Vaults:3)
  12 spiny frogs
  19 black mambas
  A smoke demon (Depths:1)
  2 spiny frogs (shapeshifter)
  A yaktaur zombie (Depths:1)
  3 kobold demonologists
  A hellion (Depths:3)
  2 rime drakes
  An efreet (D:14)
  26 yaktaurs
  An ice devil (Depths:3)
  2 komodo dragons
  3 yaktaurs (shapeshifter)
  8 freezing wraiths
  A guardian mummy (D:15)
  5 tengu conjurers
  A hellwing (Depths:1)
  A merfolk (shapeshifter) (Depths:5)
  A queen bee (Lair:3)
  3 jumping spiders
  A polar bear (Lair:4)
  A polar bear (shapeshifter) (Depths:1)
  11 trolls
  9 tyrant leeches
  A hornet (shapeshifter) (Vaults:1)
  Prince Ribbit (D:5)
  43 slime creatures
  24 blink frogs
  A harpy skeleton (D:14)
  2 dream sheep (D:10)
  12 hornets
  7 bog bodies
  A fire giant simulacrum (Depths:3)
  An ettin zombie (Vaults:2)
  2 spriggan zombies
  15 hippogriffs
  3 redbacks
  A ynoxinul (Depths:1)
  8 water elementals
  8 shadows
  A spriggan skeleton (D:15)
  5 wyverns
  2 wraiths
  5 spriggans
  A fire dragon skeleton (D:15)
  A spriggan simulacrum (Depths:3)
  A redback (shapeshifter) (Vaults:4)
  A hog (D:13)
  A yak (shapeshifter) (Depths:2)
  24 yaks
  A human (shapeshifter) (Vaults:1)
  4 basilisks
  2 hogs (shapeshifter)
  14 humans (D:14)
  A golden eye (shapeshifter) (Vaults:3)
  2 human zombies
  4 hungry ghosts
  A swamp worm (shapeshifter) (Depths:5)
  17 vampire mosquitoes
  21 swamp worms
  9 insubstantial wisps
  85 nagas
  A soldier ant (D:15)
  7 wargs
  2 acid dragons
  A water moccasin (shapeshifter) (Vaults:2)
  9 porcupines
  3 floating eyes
  21 water moccasins
  An elf zombie (Vaults:2)
  49 orc warriors
  2 black bears (shapeshifter)
  13 swamp drakes
  5 ice beasts
  2 sky beasts
  A necrophage (D:9)
  An eye of draining (D:11)
  6 phantoms
  2 black bears
  13 centaurs
  11 boggarts
  A tengu (shapeshifter) (Vaults:5)
  49 ogres
  24 crocodiles
  6 big kobolds
  24 bullfrogs
  A gnoll sergeant (D:11)
  2 human skeletons
  33 killer bees
  2 scorpions
  8 howler monkeys
  10 wights
  6 crimson imps
  2 centaur zombies
  3 bullfrog zombies
  A quasit (D:11)
  A human simulacrum (Vaults:1)
  22 orc priests
  31 orc wizards
  7 hounds
  5 centaur skeletons
  3 jellies
  An iron imp (Depths:1)
  Crazy Yiuf (D:4)
  3 bullfrog skeletons
  4 iguanas
  16 worker ants
  A killer bee zombie (D:9)
  2 hound skeletons
  2 hound zombies
  A worker ant zombie (D:8)
  10 gnolls
  13 adders
  A howler monkey skeleton (D:7)
  7 shadow imps
  A white imp (Depths:3)
  2 oozes
  4 ufetubi (Depths:3)
  2 adder zombies (D:6)
  2 adder skeletons
  A dart slug (D:2)
  11 leopard geckos
  120 orcs
  7 bats
  3 giant cockroaches
  6 goblins
  8 hobgoblins
  4 jackals (D:8)
  4 quokkas
  2 ball pythons
  6 frilled lizards
  21 kobolds
  6 rats
  A crawling corpse (Vaults:5)
2082 creatures vanquished.

Vanquished Creatures (others)
  A draconian knight (Zot:5)
  2 stone giants
  A naga warrior (Snake:4)
  A deep elf high priest (Depths:5)
  5 yaktaur captains
  A hydra (D:11)
  4 centaur warriors
  2 ogre magi
  2 naga sharpshooters (Snake:4)
  Sonja (Lair:5)
  A deep elf knight (Depths:5)
  An ironbrand convoker (Vaults:5)
  A wizard (Vaults:1)
  A guardian serpent (Snake:4)
  2 naga magi (Snake:4)
  11 yaktaurs
  A tengu conjurer (Depths:1)
  A human (D:14)
  A warg (Vaults:5)
  4 orc warriors (Orc:2)
  2 ogres (Vaults:5)
  2 boggarts
  2 centaurs
  A crocodile (Lair:6)
  8 orcs
  A kobold (D:11)
  38 fungi
  25 plants
123 creatures vanquished.

Grand Total: 2205 creatures vanquished

Notes
Turn   | Place    | Note
-------+----------+-------------------------------------------
     0 | D:1      | Aviak the Minotaur Fighter began the quest for the Orb.
     0 | D:1      | Reached XP level 1. HP: 19/19 MP: 0/0
   106 | D:1      | Reached XP level 2. HP: 19/27 MP: 1/1
   679 | D:1      | Reached XP level 3. HP: 33/33 MP: 2/2
  1812 | D:3      | Reached XP level 4. HP: 26/41 MP: 3/3
  1935 | D:3      | HP: 2/41 [orc priest/divine providence (9)]
  2144 | D:3      | Reached XP level 5. HP: 47/47 MP: 4/4
  2507 | D:4      | Reached skill level 5 in Fighting
  2507 | D:4      | Reached skill level 5 in Shields
  2647 | D:3      | Reached skill level 5 in Armour
  2652 | D:3      | Reached XP level 6. HP: 26/56 MP: 5/5
  3252 | D:4      | Found a runed translucent door.
  3253 | D:4      | Noticed Crazy Yiuf
  3410 | D:4      | Killed Crazy Yiuf
  3468 | D:5      | Entered Level 5 of the Dungeon
  3547 | D:5      | Reached skill level 5 in Maces & Flails
  3547 | D:5      | Reached XP level 7. HP: 53/62 MP: 6/6
  3799 | D:5      | Noticed Prince Ribbit
  3811 | D:5      | Killed Prince Ribbit
  3868 | D:5      | Reached XP level 8. HP: 58/71 MP: 7/7
  4858 | D:7      | Found a staircase to the Ecumenical Temple.
  4860 | D:7      | Found Upnatoto's General Store.
  4888 | Temple   | Entered the Ecumenical Temple
  4966 | Temple   | Became a worshipper of Warmaster Okawaru
  5081 | D:7      | Reached XP level 9. HP: 66/81 MP: 8/8
  5182 | D:7      | Found a hazy altar of Hepliaklqana.
  5299 | D:7      | Found Qoifulus's Armour Shop.
  5304 | D:7      | Bought a +2 large shield of reflection for 185 gold pieces
  5700 | D:7      | Reached * piety under Okawaru
  6614 | D:8      | Reached XP level 10. HP: 91/91 MP: 9/9
  6647 | D:8      | Reached ** piety under Okawaru
  7493 | D:9      | Paralysed by fainting for 7 turns
  7695 | D:10     | Entered Level 10 of the Dungeon
  7728 | D:10     | Reached skill level 10 in Fighting
  7768 | D:10     | Reached skill level 10 in Shields
  7793 | D:10     | Reached skill level 10 in Armour
  7793 | D:10     | Reached skill level 1 in Invocations
  7810 | D:10     | Noticed Joseph
  7847 | D:10     | Killed Joseph
  7847 | D:10     | Reached *** piety under Okawaru
  7858 | D:10     | Reached skill level 10 in Maces & Flails
  7879 | D:10     | Found a staircase to the Orcish Mines.
  8350 | D:10     | Noticed a two-headed hydra
  8358 | D:10     | Killed a two-headed hydra
  8358 | D:10     | Reached **** piety under Okawaru
  8358 | D:10     | Reached XP level 11. HP: 76/99 MP: 11/13
  8637 | D:11     | Noticed an eight-headed hydra
  8646 | D:11     | Killed an eight-headed hydra
  8982 | D:11     | Reached skill level 5 in Invocations
  9149 | D:11     | Reached ***** piety under Okawaru
  9364 | D:11     | Noticed a white ugly thing
  9367 | D:11     | Found a staircase to the Lair.
  9367 | D:11     | Noticed a brown ugly thing
  9378 | D:11     | Killed a white ugly thing
  9390 | D:11     | Killed a white ugly thing
  9500 | D:11     | Noticed a sun demon
  9623 | D:11     | Received a gift from Okawaru
  9936 | Lair:1   | Entered Level 1 of the Lair of Beasts
  9989 | Lair:1   | Reached XP level 12. HP: 77/106 MP: 15/15
 10003 | Lair:1   | Noticed Erica
 10034 | Lair:1   | Killed Erica
 10813 | Lair:2   | Found a staircase to the Swamp.
 10933 | Lair:2   | You fall into a shaft and drop 1 floor!
 10968 | Lair:3   | Received a gift from Okawaru
 11085 | Lair:3   | Got an encrusted ring mail {god gift}
 11104 | Lair:3   | Identified the +0 ring mail of Siwkoaph {-Tele Regen+ Str-3
                  | Dex+8} (Okawaru gifted it to you on level 3 of the Lair of
                  | Beasts)
 12582 | Lair:4   | Found a staircase to the Snake Pit.
 12865 | Lair:4   | Reached XP level 13. HP: 94/113 MP: 17/17
 13156 | Lair:4   | Received a gift from Okawaru
 13671 | Lair:5   | Found a runed translucent door.
 13796 | Lair:5   | Noticed Caath's ghost (journeyman DrFi)
 13872 | Lair:5   | Reached skill level 15 in Shields
 14183 | Lair:5   | Reached skill level 1 in Evocations
 14245 | Lair:5   | Noticed Sonja
 14253 | Lair:5   | Killed Sonja
 14820 | Lair:6   | Entered Level 6 of the Lair of Beasts
 15028 | Lair:6   | Reached skill level 15 in Maces & Flails
 15514 | Lair:6   | Found a staircase to the Slime Pits.
 15515 | Lair:6   | Found a viscous altar of Jiyva.
 16336 | Lair:6   | Reached XP level 14. HP: 124/124 MP: 19/19
 16359 | Lair:6   | Reached ****** piety under Okawaru
 16410 | Lair:6   | Received a gift from Okawaru
 16458 | Lair:6   | Reached skill level 5 in Evocations
 17534 | D:7      | Bought a wand of acid (7) for 330 gold pieces
 17534 | D:7      | Bought a +1 pair of boots of running for 547 gold pieces
 17649 | Orc:1    | Entered Level 1 of the Orcish Mines
 17905 | Orc:1    | Reached skill level 1 in Dodging
 18158 | Orc:2    | Entered Level 2 of the Orcish Mines
 18158 | Orc:2    | Noticed Erolcha
 18158 | Orc:2    | Noticed an orc warlord
 18200 | Orc:1    | Killed an orc warlord
 18295 | Orc:2    | Noticed an orc warlord
 18853 | Orc:1    | Killed Erolcha
 18959 | Orc:1    | Killed an orc warlord
 19000 | Orc:2    | Found Loph's Weapon Shop.
 19041 | Orc:2    | Found a staircase to the Elven Halls.
 19233 | Orc:2    | Received a gift from Okawaru
 19379 | Orc:2    | Found Weifuuli's Book Boutique.
 19379 | Orc:2    | Found Febel's General Store.
 19522 | Orc:2    | Found Daulicut's Jewellery Emporium.
 19524 | Orc:2    | Found Iwyn's Distillery.
 19536 | Orc:2    | Bought a potion of curing for 36 gold pieces
 19536 | Orc:2    | Bought a potion of curing for 36 gold pieces
 19824 | Orc:2    | Found a roughly hewn altar of Beogh.
 20219 | D:12     | Noticed Nergalle
 20232 | D:12     | Killed Nergalle
 20242 | D:12     | Reached skill level 5 in Dodging
 20424 | D:12     | Identified the +2 robe "Hufaexemp" {Stlth+}
 21158 | D:13     | Noticed Maurice
 21183 | D:13     | Killed Maurice
 21355 | D:13     | Noticed Kirke
 21369 | D:13     | Killed Kirke
 21369 | D:13     | Received a gift from Okawaru
 21369 | D:13     | Reached XP level 15. HP: 136/136 MP: 18/20
 21515 | D:13     | You fall into a shaft and drop 1 floor!
 21787 | D:14     | Noticed Urug
 21807 | D:14     | Killed Urug
 21822 | D:14     | Noticed Nessos
 21824 | D:14     | Found a gate to the Vaults.
 21841 | D:14     | Killed Nessos
 22580 | D:14     | Found the +6 Majin-Bo {vamp, Archmagi MP+6 Int+6}
 23511 | Swamp:1  | Entered Level 1 of the Swamp
 23576 | Swamp:1  | Received a gift from Okawaru
 23591 | Swamp:1  | Noticed a thorn hunter
 23600 | Swamp:1  | Killed a thorn hunter
 25436 | Swamp:2  | Reached skill level 15 in Fighting
 25820 | Swamp:2  | Reached XP level 16. HP: 120/149 MP: 22/22
 26077 | Swamp:3  | Received a gift from Okawaru
 26126 | Swamp:3  | Got a scorched eveningstar {god gift}
 26127 | Swamp:3  | Identified the +4 eveningstar "Widowmaker" {vamp, rC+ rN++
                  | Int+8 Dex-5} (Okawaru gifted it to you on level 3 of the
                  | Swamp)
 26803 | Swamp:4  | Entered Level 4 of the Swamp
 26898 | Swamp:4  | Reached skill level 10 in Evocations
 26911 | Swamp:4  | Received a gift from Okawaru
 27226 | Swamp:4  | Noticed Roxanne
 27292 | Swamp:4  | Noticed a thorn hunter
 27306 | Swamp:4  | Killed a thorn hunter
 27324 | Swamp:4  | Got a decaying rune of Zot
 27403 | Swamp:4  | Reached skill level 15 in Armour
 27712 | Swamp:4  | Killed Roxanne
 27835 | Snake:1  | Entered Level 1 of the Snake Pit
 27884 | Snake:1  | Received a gift from Okawaru
 28018 | Snake:1  | Noticed Agnes
 28025 | Snake:1  | Noticed Frances
 28027 | Snake:1  | Killed Agnes
 28037 | Snake:1  | Killed Frances
 28145 | Snake:1  | You fall into a shaft and drop 1 floor!
 28172 | Snake:2  | Found Ydoumeon's Armour Shoppe.
 28545 | Snake:2  | Noticed Aizul
 28550 | Snake:2  | Reached XP level 17. HP: 156/156 MP: 23/23
 28560 | Snake:2  | Killed Aizul
 29280 | Snake:3  | Got a fine lead ring
 29282 | Snake:3  | Identified the ring of Quyn {rElec rPois} (You found it on
                  | level 3 of the Snake Pit)
 29876 | Snake:4  | Entered Level 4 of the Snake Pit
 29959 | Snake:4  | Noticed Bai Suzhen
 30029 | Snake:3  | Killed Bai Suzhen
 30029 | Snake:3  | Received a gift from Okawaru
 30661 | Snake:4  | Received a gift from Okawaru
 31161 | Snake:4  | Reached XP level 18. HP: 153/166 MP: 18/24
 31921 | Snake:4  | Received a gift from Okawaru
 32027 | Snake:4  | Got a shimmering eveningstar {god gift}
 32028 | Snake:4  | Identified the +7 eveningstar of Amortisation {crush, +Inv
                  | rPois rN+ Str-2 Dex+4} (Okawaru gifted it to you on level 4
                  | of the Snake Pit)
 32077 | Snake:4  | Got a serpentine rune of Zot
 32302 | Vaults:1 | Entered Level 1 of the Vaults
 32307 | D:15     | Entered Level 15 of the Dungeon
 32487 | D:15     | Found a staircase to the Depths.
 33349 | Vaults:1 | Received a gift from Okawaru
 33350 | Vaults:1 | Found the +3 pair of gauntlets of War {Slay+5}
 34583 | Vaults:1 | Reached XP level 19. HP: 179/179 MP: 25/25
 34728 | Vaults:2 | Received a gift from Okawaru
 34756 | Vaults:2 | Got an obsidian-encrusted ring mail {god gift}
 34767 | Vaults:2 | Identified the +3 ring mail "Woekk" {-Cast Int+5 Dex+8}
                  | (Okawaru gifted it to you on level 2 of the Vaults)
 35641 | Vaults:2 | Received a gift from Okawaru
 35946 | Vaults:2 | Found Fubbab's Antique Weapon Emporium.
 35954 | Vaults:2 | Bought a shimmering morningstar for 369 gold pieces
 35954 | Vaults:2 | Identified the +1 morningstar "Orb Guardian's Bane" {crush,
                  | rN+ Dex+5} (You bought it in a shop on level 2 of the
                  | Vaults)
 36732 | Vaults:3 | Found a staircase to the Crypt.
 36732 | Vaults:3 | Found an ancient bone altar of Kikubaaqudgha.
 36733 | Vaults:3 | Found a basalt altar of Yredelemnul.
 36891 | Vaults:3 | Reached XP level 20. HP: 193/193 MP: 21/26
 37577 | Vaults:4 | Found Hyohi's Gadget Shoppe.
 37972 | Vaults:4 | Received a gift from Okawaru
 38771 | Vaults:5 | Entered Level 5 of the Vaults
 38790 | Vaults:5 | Received a gift from Okawaru
 39161 | Vaults:5 | HP: 9/198 [battlesphere[a tengu reaver] (12)]
 39167 | Vaults:5 | HP: 3/198 [sphinx/divine providence (14)]
 39183 | Vaults:5 | Received a gift from Okawaru
 39207 | Vaults:5 | Reached XP level 21. HP: 124/205 MP: 21/27
 39323 | Vaults:5 | Received a gift from Okawaru
 39329 | Vaults:5 | Got a transparent flail {god gift}
 39330 | Vaults:5 | Identified the +8 flail "Axzeor" {elec, +Inv Int+7}
                  | (Okawaru gifted it to you on level 5 of the Vaults)
 39498 | Vaults:5 | Got an ichor-stained chain mail
 39509 | Vaults:5 | Identified the +3 chain mail of Cil Faerphy {Dex+5} (You
                  | found it on level 5 of the Vaults)
 39545 | Vaults:5 | Received a gift from Okawaru
 39812 | Vaults:5 | Got a bound tin ring
 39818 | Vaults:5 | Identified the ring of the King {Fire rPois} (You found it
                  | on level 5 of the Vaults)
 39835 | Vaults:5 | Identified the Collected Works on Doomed Feathers
 39861 | Vaults:5 | Identified Ozxas's Collected Works on Shifting Calling
 40054 | Vaults:5 | Got a silver rune of Zot
 40108 | Vaults:5 | Received a gift from Okawaru
 40743 | Depths:1 | Entered Level 1 of the Depths
 40774 | Depths:1 | Found a gateway to a ziggurat.
 40820 | Depths:1 | Paralysed by an ogre mage for 6 turns
 41277 | Depths:1 | Reached XP level 22. HP: 190/220 MP: 28/28
 41876 | Depths:1 | Found a runed translucent gate.
 41876 | Depths:1 | Found a runed translucent gate.
 41876 | Depths:1 | Found a runed translucent gate.
 41876 | Depths:1 | Noticed Camaan's ghost (adept DgCj)
 41956 | Depths:1 | Found a gateway to Hell.
 42057 | Depths:1 | Found a one-way gate leading to the halls of Pandemonium.
 42575 | Depths:2 | Found the +9 sword of Zonguldrok {reap}
 42695 | Depths:2 | Received a gift from Okawaru
 42810 | Depths:2 | Noticed a caustic shrike
 42818 | Depths:2 | Killed a caustic shrike
 42909 | Depths:2 | You fall into a shaft and drop 2 floors!
 42996 | Depths:3 | Reached skill level 10 in Dodging
 43042 | Depths:3 | Paralysed by a floating eye for 2 turns
 43056 | Depths:3 | Paralysed by a floating eye for 2 turns
 43061 | Depths:3 | Paralysed by a floating eye for 3 turns
 43093 | Depths:3 | Paralysed by a floating eye for 3 turns
 43236 | Depths:3 | Received a gift from Okawaru
 43598 | Depths:3 | Identified the amulet of Keplutiz {Faith rF++}
 43676 | Depths:3 | Noticed a golden dragon
 43764 | Depths:3 | Killed a golden dragon
 43764 | Depths:3 | Reached XP level 23. HP: 224/231 MP: 29/29
 43889 | Depths:3 | Found a runed translucent door.
 43890 | Depths:3 | Found a runed translucent door.
 44350 | Depths:4 | Received a gift from Okawaru
 44464 | Depths:4 | Found a one-way gate to the infinite horrors of the Abyss.
 44850 | Depths:4 | Found a shadowy altar of Dithmenos.
 44851 | Depths:4 | Found the ring of Shadows {Umbra +Inv Stlth+}
 44851 | Depths:4 | Found the +2 pair of boots of the Assassin {Detection Stab+
                  | Stlth++}
 45303 | Depths:4 | Found a shattered altar of Ashenzari.
 45943 | Hell     | Entered the Vestibule of Hell
 45991 | Depths:5 | Entered Level 5 of the Depths
 46025 | Depths:5 | Noticed Boris
 46035 | Depths:5 | Noticed Frederick
 46052 | Depths:5 | Killed Frederick
 46068 | Depths:5 | Killed Boris
 46068 | Depths:5 | Received a gift from Okawaru
 46100 | Depths:5 | Found a glowing silver altar of Zin.
 46153 | Depths:5 | Paralysed by a floating eye for 2 turns
 46337 | Depths:5 | Found a gate to the Realm of Zot.
 46384 | Depths:5 | Received a gift from Okawaru
 46384 | Depths:5 | Identified the ring "Vuato" {rC++ rCorr}
 46409 | Depths:5 | Got a pair of ancient gloves {god gift}
 46420 | Depths:5 | Identified the +1 pair of gloves of Lesser Demons {rElec
                  | rN+ Str+6} (Okawaru gifted it to you on level 5 of the
                  | Depths)
 46436 | Depths:5 | Got a sparkling glass ring
 46437 | Depths:5 | Identified the ring "Kiviprimp" {*Corrode rPois rF++ rC+
                  | Int+2} (You found it on level 5 of the Depths)
 46527 | Depths:5 | Paralysed by a floating eye for 2 turns
 46607 | Depths:5 | Identified the ring "Bagoz" {rPois rC- Str+3 Int+3 Stlth+}
                  | (You found it on level 5 of the Depths)
 46634 | Depths:5 | Paralysed by something for 6 turns
 47066 | Depths:5 | Identified the ring of Qeuph {rN+ Int+2 Stlth+} (You found
                  | it on level 5 of the Depths)
 47125 | Depths:5 | Found the +7 great mace "Undeadhunter" {disrupt, rN+}
 47179 | Depths:5 | Reached XP level 24. HP: 211/242 MP: 29/29
 47244 | Depths:5 | Found a stormy altar of Qazlal.
 47288 | Depths:5 | Received a gift from Okawaru
 47421 | Zot:1    | Entered Level 1 of the Realm of Zot
 47581 | Zot:1    | Received a gift from Okawaru
 47603 | Zot:1    | Got a shimmering scale mail {god gift}
 47614 | Zot:1    | Identified the +1 scale mail of Tuthrowke {Int+4 Dex+6}
                  | (Okawaru gifted it to you on level 1 of the Realm of Zot)
 48633 | Zot:2    | Found a transporter.
 48646 | Zot:2    | Found a transporter.
 48779 | Zot:2    | Found a transporter.
 48866 | Zot:2    | Received a gift from Okawaru
 48880 | Zot:2    | Found a transporter.
 48886 | Zot:2    | Noticed an orb of fire
 48901 | Zot:2    | Found a transporter.
 49468 | Zot:3    | Upgraded the game from 0.24-b1-30-g840c9efd86 to
                  | 0.24.0-1-gfbc8707122
 49521 | Zot:3    | Received a gift from Okawaru
 49541 | Zot:3    | Reached XP level 25. HP: 211/253 MP: 29/29
 51070 | Zot:4    | Received a gift from Okawaru
 51416 | Zot:5    | Entered Level 5 of the Realm of Zot
 51433 | Zot:5    | Noticed an orb of fire
 51452 | Zot:5    | Killed an orb of fire
 51837 | Zot:5    | Noticed an ancient lich
 51838 | Zot:5    | Noticed a Killer Klown
 51846 | Zot:5    | Paralysed by an ancient lich for 4 turns
 51854 | Zot:5    | Killed an ancient lich
 51868 | Zot:5    | Killed a Killer Klown
 51868 | Zot:5    | Received a gift from Okawaru
 51913 | Zot:5    | Noticed a Killer Klown
 51914 | Zot:5    | Noticed a Killer Klown
 51921 | Zot:5    | Noticed an orb of fire
 51936 | Zot:5    | a Killer Klown changed into a titan
 51939 | Zot:5    | Killed an orb of fire
 51964 | Zot:5    | Killed a Killer Klown
 52103 | Zot:5    | Reached XP level 26. HP: 157/264 MP: 28/29
 52110 | Zot:5    | Noticed an orb of fire
 52124 | Zot:5    | Noticed an ancient lich
 52130 | Zot:5    | Gained mutation: Your spells are a little easier to cast,
                  | but a little less powerful. [an orb of fire]
 52131 | Zot:5    | Gained mutation: You are partially covered in icy blue
                  | scales. (AC +2) [an orb of fire]
 52133 | Zot:5    | Noticed an orb of fire
 52161 | Zot:5    | Noticed an ancient lich
 52177 | Zot:5    | Noticed an ancient lich
 52185 | Zot:5    | HP: 11/264 [shadow dragon (15)]
 52220 | Zot:5    | Killed from afar by an ancient lich

Levels and vault maps discovered:
D:1:      dpeg_arrival_water_fire, layout_basic, serial_bayou_lagoon_a
D:2:      layout_basic, corexii_corridor_pit
D:3:      layout_rooms, first_ration
D:4:      layout_cave_pools, uniq_crazy_yiuf_cottage
D:5:      layout_rooms, uniq_prince_ribbit1
D:6:      layout_basic, minmay_misc_feat_square, small_statue_alley_b
D:7:      layout_loops_corners, lemuel_round_altar,
          minmay_temple_entry_steel_oval, serial_shops, shop_fountains,
          shop_fountains
D:8:      layout_cave_pods
D:9:      layout_basic
D:10:     layout_small_grid, erik_orc_4, hangedman_ranch
          [blue_anna_fruit_fields], uniq_joseph
D:11:     layout_loops_ring, due_lair_maze_entry_diamond
D:12:     layout_loops_ring, minmay_alternating_orb, uniq_nergalle
D:13:     layout_grid_maze, uniq_maurice, uniq_kirke
D:14:     kennysheep_water_balloons, layout_loops_ring, david_vaults_3,
          hangedman_abyss_or_decor_stagger
D:15:     gammafunk_depths_entry_grave, layout_basic, hex_intersection
Temple:   compressed_dpeg_triangle_lava_temple
Lair:1:   layout_hall_layers, lemuel_fruit_tree, uniq_erica
Lair:2:   wad_woods_structure_01, layout_big_grid, swamp_mist_pool
Lair:3:   layout_gridlike, special_room [special_room_bee], serial_bayou_shore_b
Lair:4:   layout_layer_cave, minmay_snake_entry_guardpost_small, special_room
          [special_room_mythical_zoo], st_stairs_3, kennysheep_catoblepas_arena
Lair:5:   layout_cave_pods, hellmonk_ghost_happy_afterlife, uniq_sonja
Lair:6:   evilmike_catoblepas_cave, layout_loops_ring, slime_altar_1,
          infiniplex_staircase_pool_2
Swamp:1:  layout_basic_swamp, evilmike_swamp_ruin_house_1, swamp_pool1
Swamp:2:  layout_basic_swamp, hangedman_swamp_lotus, infiniplex_staircase_pool
Swamp:3:  layout_basic_swamp, nicolae_swamp_round_clearing
Swamp:4:  swamp, layout_basic_swamp, uniq_roxanne
Snake:1:  layout_onion, uniq_frances, uniq_agnes, uniq_nikola
Snake:2:  layout_chambers, serial_shops, nicolae_shop_statue_plus, uniq_aizul
Snake:3:  layout_cave_pods, minmay_snake_pond
Snake:4:  grunt_snake_rune_spirals, layout_onion_interference,
          hangedman_snake_corridor_split, uniq_bai_suzhen
Orc:1:    layout_caves
Orc:2:    st_orc_rangers, layout_diamond_mine, serial_shops, shop_statue,
          nicolae_orc_lost_temple, uniq_nessos, uniq_erolcha
Vaults:1: nicolae_vaults_little_squares_2,
          nicolae_vaults_windows_and_doors_thing, nicolae_vaults_what_the_h,
          v_pattern_5, vaults_room_hallway, ontoclasm_vaults_eye, st_cross,
          vaults_dpeg_ring, layout_vaults_omnigrid
Vaults:2: nicolae_vaults_arrows, v_alt_pattern_3, vaults_room_door_hall,
          nicolae_vaults_asterisk, v_rooms_6, vaults_room_mumra_shop_pool,
          dpeg_vaults_monster_box, vaults_room_pool, grunt_vaults_hallway_short,
          layout_vaults_chaotic_city
Vaults:3: minmay_crypt_entry_necro_gods, nicolae_vaults_little_squares_2,
          v_misc_13, v_misc_2, v_misc_32, vaults_standard_mumra_x,
          ontoclasm_vaults_shuriken, vaults_room_ringed_pool, v_rooms_4,
          nicolae_vaults_little_squares_4, st_squares,
          nicolae_vaults_little_squares_3, nicolae_vaults_ninety_degrees,
          nicolae_vaults_network_s, nicolae_vaults_shelves_hall,
          grunt_vaults_diagonal, nicolae_vaults_little_squares_5,
          layout_vaults_omnibox
Vaults:4: v_pattern_1, nicolae_vaults_border_crossing, v_misc_2,
          nicolae_vaults_little_squares_2, nicolae_vaults_disjoint_gnomons,
          ontoclasm_vaults_bender, hangedman_vaults_nails, v_misc_24,
          nicolae_vaults_big_angled_halls, st_octagons_1, v_misc_28,
          vaults_room_fancy_cross, ontoclasm_vaults_ring_small,
          nicolae_vaults_little_squares_4, ontoclasm_vaults_ligature,
          layout_vaults_maze_snakey, serial_shops, shop
Vaults:5: serial_shops
Depths:1: layout_long_grid, enter_ziggurat_b, ebering_ghost_rock_garden,
          minmay_misc_feat_secret_circle, grunt_hell_entry_dis_grunt,
          rand_demon_pan_entry_4, roderic_lattice_a, serial_bayou_pond_c,
          serial_sigils_hangedman_leer, minivault_11,
          hangedman_abyss_or_decor_slice, minmay_fractal_squares_diagonal_5
Depths:2: nooodl_glass_maze, layout_cave_pools, pf_coc_iceberg,
          chequers_serial_rivers_large_a, minmay_hollow_rounded_squares
Depths:3: minmay_the_grid_four_pointed_star
          [minmay_the_grid_triangle_9x9_intruding_spiral,
          minmay_the_grid_triangle_9x9_zippers_vertical,
          minmay_the_grid_triangle_9x9_tough_junction,
          minmay_the_grid_triangle_9x9_impossible_snake,
          minmay_the_grid_prize_four_corners_diamond_b], layout_cave_pools,
          chequers_serial_rivers_large_b, grunt_pan_entry_spiral, hell_entry,
          corexii_leaking_fountain, firewood_loft
Depths:4: regret_index_dithmenos_brocken_genspenst, layout_cave_shapes,
          pan_entry, abyss_entry, hell_entry, nicolae_ashenzari_panopticon,
          solitary_fountain, kennysheep_generic_room_6,
          infiniplex_staircase_squiggle
Depths:5: hangedman_spin_cycle, hell_entry, uniq_boris, uniq_frederick
Hell
Zot:1:    layout_concentric_octagons, hangedman_zot_decor_scrapings
Zot:2:    gammafunk_the_bubble [the_bubble_gammafunk_roulette], layout_onion
Zot:3:    kennysheep_six_static_rooms, layout_basic
Zot:4:    layout_misc_corridors
Zot:5:    layout_gridlike, st_stairs_13

Skill      XL: |  1  2  3  4  5  6  7  8  9 10 11 12 13 14 15 16 17 18 19 20 21 22 23 24 25 |
---------------+----------------------------------------------------------------------------+-----
Fighting       | 4 5 6 8 9 10 11 13 15 16 17 19 21 23 24 25 26 | 26.8
Shields        | 4 5 6 7 9 11 13 14 15 17 18 19 21 22 24 25 26 | 26.6
Armour         | 4 5 6 7 9 10 11 12 13 16 18 19 20 21 22 23 | 23.3
Maces & Flails | 3 4 5 7 8 10 12 14 15 16 17 19 20 21 22 | 22.6
Invocations    | 4 6 7 8 |  8.0
Evocations     | 4 7 9 10 | 10.0
Dodging        | 6 11 | 11.0

Action                   |  1- 3 |  4- 6 |  7- 9 | 10-12 | 13-15 | 16-18 | 19-21 | 22-24 | 25-27 || total
-------------------------+-------+-------+-------+-------+-------+-------+-------+-------+-------++-------
Melee: Flail             |    95 |   113 |       |       |       |       |       |       |       ||   208
       Headbutt          |    17 |    27 |    82 |   216 |   481 |   391 |   356 |   516 |   127 ||  2213
       Mace              |       |    36 |   484 |  1025 |  2107 |    49 |       |       |       ||  3701
       Eveningstar       |       |       |       |       |       |  1786 |  1332 |  1920 |   527 ||  5565
Invok: Heroism           |       |       |     1 |     7 |    15 |    14 |    13 |    19 |     9 ||    78
       Finesse           |       |       |       |       |     1 |     4 |     3 |     5 |     5 ||    18
 Abil: Evoke Berserk Rag |       |       |       |       |     1 |       |       |       |       ||     1
Evoke: Wand              |       |       |       |     6 |    14 |     1 |    11 |     4 |     7 ||    43
       Lamp of fire      |       |       |       |       |     4 |     3 |     5 |     4 |     1 ||    17
       Phantom mirror    |       |       |       |       |       |       |       |       |     1 ||     1
  Use: Potion            |       |     2 |     1 |     5 |       |     6 |    15 |     3 |    14 ||    46
       Scroll            |       |     3 |    14 |     4 |    20 |     6 |    12 |    10 |     8 ||    77
 Stab: Paralysed         |       |       |       |     2 |       |       |       |       |       ||     2
       Invisible         |       |       |       |     3 |       |       |     1 |       |       ||     4
       Petrified         |       |       |       |       |    10 |       |       |       |       ||    10
       Confused          |       |       |       |       |       |     2 |       |       |       ||     2
       Distracted        |       |       |       |       |       |       |       |     1 |       ||     1
  Eat: Chunk             |     3 |     5 |    11 |    13 |    34 |    12 |    17 |    20 |     7 ||   122
       Ration            |       |       |       |     4 |     3 |     5 |     2 |     2 |       ||    16
Armor: Scale mail        |    25 |       |       |       |       |       |       |       |       ||    25
       Plate armour      |    30 |    93 |   228 |   365 |   572 |   611 |   393 |   503 |    14 ||  2809
       Gold dragon scale |       |       |       |       |       |       |       |       |   221 ||   221
Dodge: Dodged            |    35 |    24 |    84 |   119 |   417 |   602 |   408 |   517 |   170 ||  2376
Block: Shield            |    69 |    89 |   125 |       |       |       |       |       |       ||   283
       Large shield      |       |       |   255 |  1064 |  2439 |  2659 |  1917 |  2352 |   719 || 11405
       Reflection        |       |       |     3 |    20 |   101 |   249 |   131 |    75 |    17 ||   596
